 Dungeon Crawl Stone Soup version 0.28-a0-249-g9004c80361 (webtiles) character file.

Game seed: 11165336154571005070

35 cewb the Digger (level 3, -2/19 HPs)
             Began as a Gargoyle Earth Elementalist on Aug 26, 2021.
             Slain by a goblin (5 damage)
             ... led by Robin
             ... on level 2 of the Dungeon.
             The game lasted 00:03:43 (1471 turns).

cewb the Digger (Gargoyle Earth Elementalist)       Turns: 1471, Time: 00:03:44

Health: -2/19      AC:  6    Str: 11    XL:     3   Next: 35%
Magic:  7/7        EV: 11    Int: 16    God:
Gold:   45         SH:  0    Dex: 10    Spells: 3/7 levels left

rFire   . . .      SeeInvis .   g - +0 dagger
rCold   . . .      Faith    .   (no shield)
rNeg    + . .      Spirit   .   b - +0 robe
rPois   ∞          Reflect  .   (no helmet)
rElec   +          Harm     .   d - +0 cloak
rCorr   .          Rampage  .   (no gloves)
Will    .....                   (no boots)
Stlth   ++........              (no amulet)
HPRegen 0.06/turn               (no ring)
MPRegen 0.10/turn               (no ring)

@: no status effects
A: sickness immunity, AC +3, negative energy resistance 1, electricity
resistance, torment resistance 1, petrification resistance
a: no special abilities


You were on level 2 of the Dungeon.
You visited 1 branch of the dungeon, and saw 2 of its levels.

You collected 45 gold pieces.

Inventory:

Hand Weapons
 g - a +0 dagger (weapon)
Missiles
 c - 36 stones
Armour
 b - a +0 robe (worn)
 d - a +0 cloak (worn)
Scrolls
 a - 3 scrolls of teleportation
 e - a scroll of identify
Potions
 f - a potion of curing


   Skills:
 - Level 1.5 Dodging
 - Level 2.1 Stealth
 + Level 2.7 Spellcasting
 * Level 0.8 Conjurations
 - Level 0.7 Transmutations
 + Level 4.4 Earth Magic


You had 3 spell levels left.
You knew the following spells:

 Your Spells              Type           Power      Damage    Failure   Level
a - Sandblast             Erth           32%        2d9       3%          1
b - Stone Arrow           Conj/Erth      20%        3d8       21%         3

Your spell library contained the following spells:

 Spells                   Type           Power      Damage    Failure   Level
 Passwall                 Tmut/Erth      8%         N/A       10%         2
 Petrify                  Tmut/Erth      10%        N/A       54%         4


Dungeon Overview and Level Annotations

Branches:
Dungeon (2/15)

Altars:

Annotations:
D:2 Robin


Innate Abilities, Weirdness & Mutations

You are immune to sickness and miasma.
Your stone body is resilient. (AC +3)
You are immune to poison.
You resist negative energy. (rN+)
You are resistant to electric shocks. (rElec)
You are resistant to unholy torment.
You are immune to petrification.


Message History

Aiming: Sandblast (safe; 3% risk of failure)
Press: ? - help, Shift-Dir - straight line, f - goblin
Aim: a goblin, wielding a +0 dagger (strong, 74% to hit)
Okay, then.
Robin throws the goblin at you!
The teleport trap disappears.
The goblin disappears!
Casting: Sandblast (safe; 3% risk of failure)
Confirm with . or Enter, or press ? or * to list all spells.
Aiming: Sandblast (safe; 3% risk of failure)
Press: ? - help, Shift-Dir - straight line, f - goblin
Aim: a goblin, wielding a +0 club (strong, 74% to hit)
Okay, then.
Unknown command.
Unknown command.
Unknown command.
Robin throws the goblin at you!
You closely miss the goblin. The goblin hits you but does no damage.
The goblin hits you with a +0 dagger.
An adder comes into view.
Robin throws the goblin at you! The goblin closely misses you.
You hit the goblin.
The goblin is severely wounded.
The goblin hits you with a +0 club. The goblin hits you with a +0 dagger.
The goblin hits you but does no damage. The goblin hits you with a +0 dagger.
You closely miss the goblin.
The goblin is severely wounded.
The goblin misses you. The goblin hits you with a +0 dagger.
The goblin closely misses you. x2
You hit the goblin.
You kill the goblin!
The goblin hits you with a +0 club. The goblin hits you with a +0 dagger.
The hobgoblin barely misses you. Robin throws the goblin at you!
The goblin hits you but does no damage.
Unknown command.
Unknown command.
The goblin hits you with a +0 dagger.
* * * LOW HITPOINT WARNING * * *
Robin says, "My goblins will feast on your bones."
The goblin hits you with a +0 dagger.
You die...

...............#
....g..........#
#
#.............#
. #....Sg.....#
#g#...# #gg..#
#gBg## ##gg##
### #.@g# ..##
###...# #..#####
##...#.#
##.....#
#..###.#
######.# ##..#
#.# ..# #..#
#..## #.#
#.###.## #.##
#.#
#)#...#####.# .#
#†..####..>.#


You could see Robin, an adder, a giant cockroach, 2 hobgoblins and 6 goblins.

Vanquished Creatures
  A dart slug (D:1)
  4 ball pythons (D:1)
  4 bats
  5 endoplasms
  A giant cockroach (D:1)
  3 goblins (D:2)
  2 hobgoblins (D:2)
  3 jackals (D:1)
  2 frilled lizards
  3 kobolds
  A rat (D:1)
29 creatures vanquished.

Vanquished Creatures (others)
  A plant (D:1)
1 creature vanquished.

Grand Total: 30 creatures vanquished

Notes
Turn   | Place    | Note
-------+----------+-------------------------------------------
     0 | D:1      | cewb the Gargoyle Earth Elementalist began the quest for
                  | the Orb.
     0 | D:1      | Reached XP level 1. HP: 10/10 MP: 3/3
   159 | D:1      | Reached XP level 2. HP: 15/15 MP: 3/5
   193 | D:1      | Reached skill level 4 in Earth Magic
   826 | D:1      | Reached XP level 3. HP: 19/19 MP: 6/6
   830 | D:1      | Learned a level 3 spell: Stone Arrow
  1324 | D:2      | Noticed Robin
  1471 | D:2      | Slain by a goblin

Illustrated notes

Levels and vault maps discovered:
D:1:      lightli_arrival_windingriver, layout_basic
D:2:      layout_rooms, dreamdust_ecumenical_altar_statues, uniq_robin

Skill      XL: |  1  2 |
---------------+-------+-----
Earth Magic    | 4 |  4.4
Dodging        | |  1.5
Stealth        | |  2.1
Spellcasting   | |  2.7
Conjurations   | |  0.8
Transmutations | |  0.7

Action                   || total
-------------------------++-------
Melee: Unarmed           ||    40
       Dagger            ||    49
 Cast: Sandblast         ||    18
  Use: Scroll            ||     4
 Stab: Sleeping          ||     3
Armor: Robe              ||    39
Dodge: Dodged            ||    53

Table legend: (Time is in decaauts)
 A = Elapsed time spent in this place.
 B = Non-inter-level travel time spent in this place.
 C = Inter-level travel time spent in this place.
 D = Time resting spent in this place.
 E = Time spent auto-exploring this place.
 F = Levels seen in this place.
 G = Mean time per level.
                   A        B        C        D        E       F      G
               +--------+--------+--------+--------+--------+-----+--------+
         Total |   1471 |   1450 |     21 |    186 |    998 |   2 |  735.5 |
       Dungeon |   1471 |   1450 |     21 |    186 |    998 |   2 |  735.5 |
               +--------+--------+--------+--------+--------+-----+--------+

Top non-repeatable levels by time:
     D:1: 962 daAuts
     D:2: 508 daAuts
